 Dungeon Crawl Stone Soup version 0.17-a0-2014-g32cd421 (webtiles) character file.

1075 jalm the Summoner (level 8, -11/52 HPs)
             Began as a Merfolk Summoner on Oct 9, 2015.
             Was an Initiate of Sif Muna.
             Mangled by a crocodile (18 damage)
             ... on level 8 of the Dungeon.
             The game lasted 00:56:21 (7082 turns).

jalm the Summoner (Merfolk Summoner)                Turns: 7082, Time: 00:56:21

Health: -11/52     AC:  3    Str:  9    XL:     8   Next: 29%
Magic:  2/15       EV: 13    Int: 16    God:    Sif Muna [......]
Gold:   456        SH:  0    Dex: 14    Spells: 4 memorised, 8 levels left

rFire  . . .     SeeInvis +     k - +0 spear (curse)
rCold  + . .     Clarity  .     a - +0 robe
rNeg   . . .     SustAt   .     (no shield)
rPois  .         Gourm    .     (no helmet)
rElec  .         Spirit   .     r - +0 cloak
rCorr  .         Warding  .     (no gloves)
rMut   .         Stasis   .     (no boots)
MR     .....                    B - amulet of faith
Stlth  ++........               z - ring of protection from cold
                                i - ring of see invisible (curse)

@: not resistant to hostile enchantments, unstealthy
A: change form in water, swift swim
a: Renounce Religion


You were on level 8 of the Dungeon.
You worshipped Sif Muna.
Sif Muna was noncommittal.
You were not hungry.

You visited 2 branches of the dungeon, and saw 9 of its levels.

You collected 456 gold pieces.

Inventory:

Hand Weapons
 f - a +0 whip
 k - a cursed +0 spear (weapon)
Missiles
 g - 158 stones (quivered)
Armour
 a - a +0 robe (worn)
 r - a +0 cloak (worn)
Jewellery
 i - a cursed ring of see invisible (left hand)
 n - a cursed -6 ring of evasion
 u - an uncursed ring of stealth
 w - an uncursed ring of fire
 z - a ring of protection from cold (right hand)
 A - an uncursed ring of stealth
 B - an amulet of faith (around neck)
Wands
 s - a wand of slowing (13)
 y - a wand of fire (3)
 C - a wand of disintegration (8)
Scrolls
 d - 2 scrolls of identify
 e - 2 scrolls of remove curse {unknown}
 h - 5 scrolls of magic mapping
 p - a scroll of random uselessness {unknown}
 q - 2 scrolls of teleportation {unknown}
 t - 2 scrolls of recharging {unknown}
 x - a scroll of amnesia {unknown}
 D - a scroll of fear {unknown}
Potions
 j - a potion of curing
 v - 2 potions of haste {unknown}
 E - a potion of degeneration {unknown}
 G - a potion of might {unknown}
Books
 b - a book of Callings

   Spells                             Type                      Level
   a - Summon Small Mammal            Summoning                    1
   b - Call Imp                       Summoning                    2
   c - Call Canine Familiar           Summoning                    3
   d - Summon Guardian Golem          Hexes/Summoning              3
   e - Summon Lightning Spire         Summoning/Air                4
   f - Summon Ice Beast               Ice/Summoning                4
Comestibles
 c - 5 bread rations
 l - a beef jerky
 m - 5 meat rations
 o - 2 slices of pizza
 F - 4 fruits


   Skills:
 - Level 2.6 Dodging
 - Level 2.1 Stealth
 - Level 5.0 Spellcasting
 * Level 9.0 Summonings


You had 8 spell levels left.
You knew the following spells:

 Your Spells              Type           Power        Failure   Level  Hunger
a - Summon Small Mammal   Summ           ####         1%          1    None
b - Call Imp              Summ           ####....     1%          2    #......
c - Summon Guardian Gole  Hex/Summ       ###.....     10%         3    ###....
d - Call Canine Familiar  Summ           ####....     1%          3    ###....


Dungeon Overview and Level Annotations

Branches:
Dungeon (8/15)             Temple (1/1) D:7
   Lair: D:8-11

Altars:
Ashenzari
Cheibriados
Dithmenos
Elyvilon
Fedhas
Gozag
Kikubaaqudgha
Nemelex Xobeh
Okawaru
Qazlal
Ru
Sif Muna
Trog
Xom
Yredelemnul
Zin
The Shining One

Shops:
D:4 =   D:6 }


Message History

Your hound bites the crocodile but does no damage.
The crocodile bites you!
* * * LOW HITPOINT WARNING * * *
Your crimson imp completely misses the elephant.
Your hound bites the crocodile.
Your crimson imp barely misses the elephant.
Your crimson imp blinks!
Your hound bites the crocodile but does no damage.
Your white imp hits the crocodile but does no damage.
Your crimson imp blinks!
Your white imp barely misses the crocodile.
Your hound bites the crocodile.
Something barely misses your crimson imp.
The yak gores your white imp but does no damage.
Your crimson imp hits the yak but does no damage.
Your white imp hits the yak but does no damage.
Your magical contamination has completely faded away.
Your hound barely misses the crocodile.
A crimson imp opens the door.
The crocodile bites you!!
You die...

#..........# ##+####+##'
##'####+#### .......5.
#[......# ..........
#.......+ ...........
#..########+#...........
#..###........##+###+###
#....#........#........+
#....#........#........#
#....'.@tY....+ ......#
#....#..h.....# .....#
##+####.Y5.....# # #...#
#.......#'##'###..#
#...#
#....)..'85..5.....
#..<.
#.......#...ยง......
+....
#.....>.#.##Y###...
###.. ##+######.# .# ###
... ..


You could see an elephant, a yak, a crocodile, a friendly hound, 2 friendly
crimson imps and a friendly white imp.

Vanquished Creatures
  Pikel (D:7)
  An orc wizard (D:3)
  An iguana (D:5)
  2 giant geckos
  5 orcs
  2 bats (D:2)
  4 goblins
  3 hobgoblins
  2 jackals
  A giant gecko skeleton (D:5)
  2 giant newts
  2 kobolds
26 creatures vanquished.

Vanquished Creatures (collateral kills)
  Edmund (D:6)
  A sky beast (D:5)
  A phantom (D:7)
  A black bear (D:6)
  A centaur (D:7)
  2 slaves (D:6)
  A wasp (D:8)
  A wyvern zombie (D:7)
  A giant frog (D:6)
  A scorpion (D:6)
  2 crimson imps
  2 hounds
  2 iguanas (D:8)
  4 orc priests
  A worker ant (D:8)
  3 orc wizards
  6 adders
  4 gnolls (D:3)
  2 shadow imps
  An ooze (D:4)
  2 worms (D:2)
  5 giant geckos
  25 orcs
  4 bats
  3 giant cockroaches
  9 hobgoblins
  9 jackals
  2 quokkas
  A ball python skeleton (D:5)
  5 giant newts
  4 goblins
  5 kobolds
  7 rats
119 creatures vanquished.

Grand Total: 145 creatures vanquished

Notes
Turn   | Place    | Note
--------------------------------------------------------------
     0 | D:1      | jalm the Merfolk Summoner began the quest for the Orb.
     0 | D:1      | Reached XP level 1. HP: 13/13 MP: 3/3
   167 | D:1      | Found a sparkling altar of Nemelex Xobeh.
   359 | D:1      | Reached XP level 2. HP: 17/19 MP: 3/5
   363 | D:1      | Learned a level 2 spell: Call Imp
   772 | D:2      | Found an opulent altar of Gozag.
  1028 | D:2      | Reached XP level 3. HP: 16/24 MP: 4/6
  1043 | D:2      | Learned a level 3 spell: Summon Guardian Golem
  1102 | D:2      | Reached skill level 5 in Summonings
  1700 | D:3      | Found a shadowy altar of Dithmenos.
  2055 | D:3      | Reached XP level 4. HP: 30/30 MP: 4/7
  2316 | D:3      | Reached skill level 6 in Summonings
  2363 | D:3      | Reached XP level 5. HP: 9/35 MP: 1/8
  2869 | D:4      | Found Pyepneiv's Jewellery Emporium.
  3169 | D:4      | Found a basalt altar of Yredelemnul.
  3494 | D:5      | Entered Level 5 of the Dungeon
  3942 | D:5      | Reached skill level 7 in Summonings
  3942 | D:5      | Reached XP level 6. HP: 41/41 MP: 2/9
  4495 | D:6      | Noticed Edmund
  4558 | D:6      | Killed Edmund
  4783 | D:6      | Found a sparkling altar of Nemelex Xobeh.
  4917 | D:6      | Found Muthrukk's Gadget Shoppe.
  4925 | D:6      | Found a white marble altar of Elyvilon.
  4992 | D:6      | Reached skill level 8 in Summonings
  4992 | D:6      | Reached XP level 7. HP: 20/46 MP: 0/10
  5274 | D:6      | Learned a level 3 spell: Call Canine Familiar
  5341 | D:7      | Noticed Pikel
  5977 | D:7      | Reached skill level 9 in Summonings
  6176 | D:7      | Killed Pikel
  6176 | D:7      | Reached XP level 8. HP: 52/52 MP: 0/14
  6539 | D:7      | Found a staircase to the Ecumenical Temple.
  6544 | Temple   | Entered the Ecumenical Temple
  6641 | Temple   | Became a worshipper of Sif Muna the Loreminder
  6916 | D:8      | Paralysed by a wasp for 3 turns
  7003 | D:8      | Reached skill level 5 in Spellcasting
  7056 | D:8      | Noticed an elephant
  7082 | D:8      | Mangled by a crocodile

Vault maps used:
D:1:      dpeg_arrival_pits, roderic_nine_men_s_morris, minmay_misc_feat_chi,
          minivault_24, nemelex_diamond_rough_becter
D:2:      nicolae_gozag_seed_capital, wad_orctagon
D:3:      nicolae_overflow_hidden_temple
D:4:      yredelemnul_altar_generic, serial_shops, shop_coins
D:5:      lemuel_ice_spiral_2, first_bread, kennysheep_generic_room_11
D:6:      lemuel_crystal_altar, lemuel_doored_altar, serial_shops,
          kennysheep_mini_moat, nicolae_underground_beach, uniq_edmund
D:7:      minmay_temple_entry_statues_pillars, uniq_pikel
D:8:      david_lair_generic, the_bakery, hangedman_decor_opposing,
          grunt_decor_one_mirror, nicolae_qazlal_style_of_elements
Temple:   circular_temple_pool_12

Action                   |  1- 3 |  4- 6 |  7- 9 || total
-------------------------+-------+-------+-------++-------
Melee: Whip              |    43 |    11 |       ||    54
       Spear             |       |    90 |    48 ||   138
Throw: Stone             |       |     1 |       ||     1
 Cast: Summon Small Mamm |    39 |    22 |    17 ||    78
       Call Imp          |    19 |    51 |    30 ||   100
       Summon Guardian G |       |     5 |     9 ||    14
       Call Canine Famil |       |       |    10 ||    10
  Use: Scroll            |     1 |       |     6 ||     7
       Potion            |       |       |     2 ||     2
 Stab: Sleeping          |     1 |       |       ||     1
       Distracted        |     1 |       |       ||     1
  Eat: Chunk             |     5 |    13 |     3 ||    21
       Beef jerky        |       |     1 |       ||     1
       Meat ration       |       |       |     1 ||     1
       Bread ration      |       |       |     1 ||     1
